[Event "ICC tourney 2533 (25 5)"]
[Site "Internet Chess Club"]
[Date "2021.04.25"]
[Round "6"]
[White "SU, THEODORE:K09-16995458"]
[Black "MUKHERJEE, ABHIRUP:K09-17149023"]
[Result "1-0"]
[ICCResult "Black checkmated"]
[WhiteElo "1279"]
[BlackElo "672"]
[Opening "Ruy Lopez: Berlin defense, 4.O-O"]
[ECO "C65"]
[NIC "RL.07"]
[Time "13:10:20"]
[PlyCount "123"]
[TimeControl "1500+5"]

1. e4 e5 2. Nf3 Nc6 3. Bb5 Nf6 4. O-O Ng4 5. h3 h5 6. d3 Bc5 7. c3 d6 8. d4
exd4 9. cxd4 Bb6 10. d5 a6 11. Qa4 Bxf2+ 12. Rxf2 Nxf2 13. Kxf2 axb5 14.
Qxa8 Ne5 15. Nbd2 Nd3+ 16. Kg1 Nf4 17. Nf1 Ng6 18. Qa5 Bd7 19. Be3 O-O 20.
Rc1 Qf6 21. Qxc7 Bxh3 22. Qc3 Ne5 23. Nxe5 Rc8 24. Qxc8+ Bxc8 25. Rxc8+ Kh7
26. Nd3 Qe7 27. Nd2 f5 28. Nf2 fxe4 29. Ndxe4 Qe5 30. b3 Qa1+ 31. Kh2 Qxa2
32. Nxd6 Qxb3 33. Nf5 Qxd5 34. Rc5 Qd7 35. Ne4 Qd3 36. Ng5+ Kg6 37. Nh4+
Kf6 38. Rf5+ Qxf5 39. Nxf5 Kxf5 40. Nf3 Ke4 41. Bd2 Kd3 42. Bc1 b4 43. Bb2
g6 44. Ne5+ Kc2 45. Bd4 g5 46. Nf7 g4 47. Nd6 b3 48. Nxb7 b2 49. Bxb2 Kxb2
50. Kg3 Kc3 51. Kh4 Kd3 52. Kxh5 Ke3 53. Kxg4 Kf2 54. g3 Kg2 55. Kf4 Kh3
56. g4 Kh4 57. g5 Kh5 58. Kf5 Kh4 59. g6 Kh5 60. g7 Kh6 61. g8=Q Kh5 62.
Qh8# { Black checkmated } 1-0

[Event "ICC tourney 2533 (25 5)"]
[Site "Internet Chess Club"]
[Date "2021.04.25"]
[Round "6"]
[White "PARK, LUCAS:K09-16422040"]
[Black "DANIEL VON HOFF, CHRISTOPHER:K09-15127660"]
[Result "0-1"]
[ICCResult "White checkmated"]
[WhiteElo "1084"]
[BlackElo "1529"]
[Opening "QGD: 3.Nc3"]
[ECO "D31"]
[NIC "QP.08"]
[Time "13:11:22"]
[PlyCount "120"]
[TimeControl "1500+5"]

1. d4 d5 2. c4 e6 3. Nc3 Bb4 4. cxd5 exd5 5. Nf3 Nf6 6. Bg5 h6 7. Bh4 g5 8.
Bg3 Ne4 9. Qd3 h5 10. h3 Nxg3 11. fxg3 Qd6 12. e4 Qxg3+ 13. Ke2 Bxc3 14.
bxc3 Be6 15. exd5 Bxd5 16. Qb5+ Bc6 17. Qe5+ Qxe5+ 18. Nxe5 f6 19. Nxc6
Nxc6 20. Kd3 O-O-O 21. Re1 Rhe8 22. Be2 Ne5+ 23. Kc2 Ng6 24. Bxh5 Rxe1 25.
Rxe1 Nf4 26. Bf3 b6 27. Kd2 c5 28. g3 Ng6 29. Kd3 Ne5+ 30. Ke3 Nxf3 31.
Kxf3 cxd4 32. cxd4 Rxd4 33. Re6 f5 34. Re5 g4+ 35. hxg4 fxg4+ 36. Ke3 Ra4
37. Re4 Rxe4+ 38. Kxe4 b5 39. Kf4 b4 40. Kxg4 a5 41. Kf3 a4 42. Ke2 a3 43.
Kd2 b3 44. axb3 a2 45. g4 a1=Q 46. g5 Qg7 47. b4 Qxg5+ 48. Kc3 Qb5 49. Kb3
Kc7 50. Kc3 Kd6 51. Kb3 Kd5 52. Kc3 Qc4+ 53. Kb2 Qxb4+ 54. Kc2 Qa3 55. Kb1
Qd3+ 56. Kc1 Qe2 57. Kb1 Qd2 58. Ka1 Kc4 59. Kb1 Kb3 60. Ka1 Qb2# { White
checkmated } 0-1

[Event "ICC tourney 2533 (25 5)"]
[Site "Internet Chess Club"]
[Date "2021.04.25"]
[Round "6"]
[White "GOWDA, PRAKYATH:K09-16326375"]
[Black "SUDARSHAN IYENGAR, VARSHA:K09-15871248"]
[Result "1-0"]
[ICCResult "Black checkmated"]
[WhiteElo "383"]
[BlackElo "917"]
[Opening "two knights: Max Lange attack"]
[ECO "C50"]
[NIC "IG.02"]
[Time "13:09:52"]
[PlyCount "111"]
[TimeControl "1500+5"]

1. e4 e5 2. Nf3 Nc6 3. Bc4 Bc5 4. O-O Nf6 5. d4 exd4 6. e5 Ne4 7. Qe2 d5 8.
exd6 Bf5 9. Ng5 O-O 10. Qf3 Nxd6 11. Bd3 Bxd3 12. Qxd3 g6 13. Qh3 h5 14. g4
Ne8 15. gxh5 Nf6 16. hxg6 fxg6 17. Nd2 Qe7 18. Qb3+ Kg7 19. Ne6+ Kf7 20.
Nxf8+ Kxf8 21. Qxb7 Re8 22. Qxc6 Bd6 23. Nf3 Ng4 24. Bg5 Bxh2+ 25. Nxh2
Qxg5 26. Qf3+ Nf6+ 27. Qg2 Re5 28. Rae1 Rf5 29. Qxg5 Rxg5+ 30. Kh1 Rh5 31.
Rg1 Kg7 32. Re7+ Kh6 33. Kg2 Rg5+ 34. Kf1 Rf5 35. Ng4+ Nxg4 36. Rxg4 Kh5
37. Rxd4 Rc5 38. b4 Rxc2 39. Re5+ Kh6 40. Rh4+ Kg7 41. a4 Rc1+ 42. Kg2 Rc2
43. Ra5 Kf6 44. Ra6+ Kf5 45. Rh3 g5 46. Rxa7 g4 47. Rh5+ Kf4 48. Rh4 Kg5
49. Rh8 Kf4 50. Rf8+ Kg5 51. Rg8+ Kh4 52. Ra6 c6 53. Ra7 Rxf2+ 54. Kxf2 g3+
55. Kg2 c5 56. Rh7# { Black checkmated } 1-0

[Event "ICC tourney 2533 (25 5)"]
[Site "Internet Chess Club"]
[Date "2021.04.25"]
[Round "6"]
[White "E DUROST, BENJAMIN:K09-17214574"]
[Black "ANANTHARAMAN, AASHISH:K09-15992442"]
[Result "0-1"]
[ICCResult "White checkmated"]
[WhiteElo "444"]
[BlackElo "1366"]
[Opening "Queen's pawn"]
[ECO "A40"]
[NIC "QO.17"]
[Time "13:09:34"]
[PlyCount "122"]
[TimeControl "1500+5"]

1. d4 c6 2. Bf4 d5 3. c3 Bf5 4. e3 Nf6 5. Bd3 Bg6 6. Bxg6 hxg6 7. Nd2 e6 8.
Ngf3 c5 9. h3 Nc6 10. O-O Be7 11. Rc1 O-O 12. c4 Rc8 13. cxd5 Qxd5 14. Qb3
Na5 15. Qb5 c4 16. Qa4 Bd8 17. Rc3 b5 18. Qb4 Nc6 19. Qd6 Bc7 20. Qxd5 Nxd5
21. Ra3 Bxf4 22. exf4 Nxf4 23. Ra6 Nd5 24. a3 Rc7 25. Ne4 Rb8 26. Nd6 b4
27. Nxc4 Nxd4 28. Nxd4 Rxc4 29. Nc6 Rb6 30. Nxb4 Nxb4 31. Rxb6 axb6 32.
axb4 Rxb4 33. Rb1 Kf8 34. Kf1 Ke7 35. Ke2 Kd6 36. Kd3 Kd5 37. b3 e5 38. Kc3
Rd4 39. Re1 f5 40. f3 b5 41. b4 g5 42. g4 f4 43. Ra1 Rc4+ 44. Kb3 e4 45.
fxe4+ Kxe4 46. Re1+ Kd3 47. Re5 f3 48. Rxb5 f2 49. Rd5+ Rd4 50. Rf5 Rf4 51.
Rd5+ Ke2 52. Re5+ Kf3 53. b5 f1=Q 54. b6 Qb1+ 55. Kc3 Qa1+ 56. Kd3 Qxe5 57.
b7 Qb8 58. h4 Qxb7 59. h5 Qb3+ 60. Kd2 Rd4+ 61. Kc1 Rd1# { White checkmated
} 0-1

[Event "ICC tourney 2533 (25 5)"]
[Site "Internet Chess Club"]
[Date "2021.04.25"]
[Round "6"]
[White "ZADAVYSVICHKO, MAKSYM:K09-17111597"]
[Black "HAN, JOHNNY:K09-15484292"]
[Result "0-1"]
[ICCResult "White checkmated"]
[WhiteElo "1056"]
[BlackElo "1522"]
[Opening "Giuoco Pianissimo"]
[ECO "C50"]
[NIC "IG.02"]
[Time "13:13:03"]
[PlyCount "54"]
[TimeControl "1500+5"]

1. e4 e5 2. Nf3 Nc6 3. Bc4 Bc5 4. d3 Nf6 5. Bg5 h6 6. Bh4 g5 7. Bg3 d6 8.
h3 Qe7 9. Nc3 Be6 10. Bb3 Bxb3 11. axb3 a6 12. Qd2 Bb4 13. Qe3 O-O-O 14.
O-O-O Bxc3 15. bxc3 Rhe8 16. Kb1 d5 17. exd5 Nxd5 18. Qd2 Qa3 19. d4 exd4
20. Nxd4 Re4 21. f3 Rxd4 22. cxd4 Ncb4 23. c4 Qxb3+ 24. Qb2 Nc3+ 25. Kc1
Nba2+ 26. Kd2 Qxb2+ 27. Kd3 Qe2# { White checkmated } 0-1

[Event "ICC tourney 2533 (25 5)"]
[Site "Internet Chess Club"]
[Date "2021.04.25"]
[Round "6"]
[White "KHATRI, AARUSHI:K09-17005313"]
[Black "SAFRANEK, WILLIAM:K09-15106903"]
[Result "1-0"]
[ICCResult "Black resigns"]
[WhiteElo "354"]
[BlackElo "1900"]
[Opening "Queen's pawn, Mason variation"]
[ECO "D00"]
[NIC "QP.08"]
[Time "13:10:00"]
[PlyCount "113"]
[TimeControl "1500+5"]

1. d4 d5 2. Bf4 Bf5 3. Nf3 e6 4. Nbd2 c5 5. c3 Nc6 6. e3 Qb6 7. Qc1 cxd4 8.
exd4 Rc8 9. Be2 h6 10. O-O g5 11. Bg3 g4 12. Nh4 Nxd4 13. Qe1 Nc2 14. Qd1
Nxa1 15. Qa4+ Kd8 16. Nxf5 exf5 17. Rxa1 Nf6 18. Rb1 h5 19. Bh4 Be7 20. Qf4
Qe6 21. Re1 Nd7 22. Bxe7+ Qxe7 23. Qxf5 Qe6 24. Qf4 Nc5 25. Nf1 Rc7 26. Ne3
Kc8 27. Qd4 Rd8 28. Nxg4 Qe4 29. Ne3 Qxd4 30. cxd4 Ne6 31. Bxh5 Nxd4 32.
Rd1 Ne6 33. Nxd5 Rcd7 34. Bf3 Kb8 35. h4 Rh8 36. g3 Nc7 37. Kg2 Nxd5 38.
Rxd5 Rxd5 39. Bxd5 f6 40. Kf3 Kc7 41. Bb3 Kd6 42. Kg4 Ke5 43. f4+ Ke4 44.
Bf7 Rh6 45. h5 Rh8 46. Bg6+ Kd5 47. Kf5 Rf8 48. h6 Kd6 49. h7 Ke7 50. Bh5
Rh8 51. Kg6 Kf8 52. Bf3 b5 53. Be4 f5 54. Bxf5 a5 55. Kf6 b4 56. b3 Ke8 57.
Kg7 { Black resigns } 1-0

[Event "ICC tourney 2533 (25 5)"]
[Site "Internet Chess Club"]
[Date "2021.04.25"]
[Round "6"]
[White "LUO, TERRY:K09-15210186"]
[Black "HE, STEPHEN:K09-14726703"]
[Result "1-0"]
[ICCResult "Black forfeits on time"]
[WhiteElo "2232"]
[BlackElo "2066"]
[Opening "Grünfeld: modern exchange variation"]
[ECO "D85"]
[NIC "GI.04"]
[Time "13:10:19"]
[PlyCount "83"]
[TimeControl "1500+5"]

1. d4 Nf6 2. c4 g6 3. Nc3 d5 4. cxd5 Nxd5 5. e4 Nxc3 6. bxc3 Bg7 7. Nf3 c5
8. Rb1 Nc6 9. d5 Bxc3+ 10. Bd2 Bxd2+ 11. Qxd2 Nd4 12. Nxd4 cxd4 13. Qxd4
Qa5+ 14. Qd2 Qxd2+ 15. Kxd2 a6 16. Be2 b5 17. Rhc1 Bd7 18. Rc7 Kd8 19. Rbc1
h5 20. Ke3 Rc8 21. Rxc8+ Bxc8 22. h4 Bb7 23. Kd4 Kd7 24. f4 e6 25. dxe6+
Kxe6 26. Rc7 Rd8+ 27. Ke3 Rd7 28. Rxd7 Kxd7 29. Kd4 f6 30. Bf3 Kc7 31. Kc5
Bc8 32. a3 Bd7 33. Be2 Bc6 34. Bd3 Bd7 35. g3 Be6 36. e5 fxe5 37. Bxg6 exf4
38. gxf4 Bg4 39. f5 Kd7 40. f6 Be2 41. Bf5+ Ke8 42. Bc8 { Black forfeits on
time } 1-0

[Event "ICC tourney 2533 (25 5)"]
[Site "Internet Chess Club"]
[Date "2021.04.25"]
[Round "6"]
[White "MENON, ROHAN:K09-17197867"]
[Black "TATINENI, AASHRITH:K09-16429723"]
[Result "1/2-1/2"]
[ICCResult "Game drawn because neither player has mating material"]
[WhiteElo "741"]
[BlackElo "1398"]
[Opening "Torre attack (Tartakower variation)"]
[ECO "D03"]
[NIC "QP.08"]
[Time "13:09:57"]
[PlyCount "109"]
[TimeControl "1500+5"]

1. d4 d5 2. Nf3 Nf6 3. Bg5 e6 4. e3 Be7 5. Bd3 h6 6. Bxf6 Bxf6 7. c3 O-O 8.
Nbd2 c6 9. Qc2 Nd7 10. O-O-O e5 11. dxe5 Nxe5 12. Rdg1 Nxd3+ 13. Qxd3 Qd7
14. g4 Bd8 15. h4 Re8 16. h5 b6 17. g5 hxg5 18. Nxg5 Qf5 19. Qxf5 Bxf5 20.
h6 Bxg5 21. hxg7 Kxg7 22. Rxg5+ Bg6 23. f4 Rh8 24. Rhg1 Kf6 25. Nf3 Rh5 26.
Ne5 Rxg5 27. Rxg5 Rh8 28. Nxc6 Rh1+ 29. Kd2 Rh2+ 30. Ke1 Rxb2 31. Rxd5 Rxa2
32. Rd6+ Kg7 33. Ne5 Ra3 34. Nxg6 fxg6 35. Rd7+ Kf6 36. Kf2 Rxc3 37. Rxa7
Rb3 38. Ra6 Kf5 39. Ra8 Kg4 40. Rg8 Rb2+ 41. Ke1 Kf3 42. Re8 Re2+ 43. Kd1
Rxe3 44. Rg8 Re6 45. Rf8 Kg4 46. Kc2 Kh5 47. f5 gxf5 48. Rxf5+ Kg4 49. Rb5
Kf4 50. Kb3 Ke4 51. Ka4 Kd4 52. Rh5 Re5 53. Rxe5 Kxe5 54. Kb5 Kd5 55. Kxb6
{ Game drawn because neither player has mating material } 1/2-1/2

[Event "ICC tourney 2533 (25 5)"]
[Site "Internet Chess Club"]
[Date "2021.04.25"]
[Round "6"]
[White "MA, TRISTAN:K09-15699071"]
[Black "EDWARD COOKE, OLIVER:K09-15797018"]
[Result "1-0"]
[ICCResult "Black resigns"]
[WhiteElo "1367"]
[BlackElo "964"]
[Opening "Sicilian: accelerated fianchetto, modern variation"]
[ECO "B34"]
[NIC "SI.33"]
[Time "13:10:23"]
[PlyCount "62"]
[TimeControl "1500+5"]

1. e4 c5 2. Nf3 Nc6 3. d4 cxd4 4. Nxd4 g6 5. Nc3 Bg7 6. Nb3 Nf6 7. Bd3 O-O
8. O-O d5 9. exd5 Nxd5 10. Nxd5 Qxd5 11. Re1 Bh3 12. gxh3 Ne5 13. Be4 Qe6
14. Bg2 Rfd8 15. Bd2 Qd6 16. Bf4 Qb6 17. Qe2 Nc6 18. c3 Re8 19. Bxc6 Qxc6
20. Bg3 Rad8 21. Rad1 Bf6 22. Rxd8 Rxd8 23. Rd1 Rxd1+ 24. Qxd1 e6 25. Nd4
Qe4 26. Qe2 Qb1+ 27. Kg2 Qxa2 28. Qb5 e5 29. Bxe5 Bxe5 30. Qe8+ Kg7 31.
Qxe5+ f6 { Black resigns } 1-0

[Event "ICC tourney 2533 (25 5)"]
[Site "Internet Chess Club"]
[Date "2021.04.25"]
[Round "6"]
[White "GIORGIO TESSIORE, LUCA:K09-17347744"]
[Black "ROLAND MOLNAR, MIHAI:K09-16645268"]
[Result "1-0"]
[ICCResult "Black resigns"]
[WhiteElo "1914"]
[BlackElo "1421"]
[Opening "King's Indian: 5.Nf3"]
[ECO "E90"]
[NIC "KI.22"]
[Time "13:13:04"]
[PlyCount "103"]
[TimeControl "1500+5"]

1. d4 Nf6 2. c4 g6 3. Nf3 Bg7 4. Nc3 d6 5. e4 Nbd7 6. Be2 O-O 7. O-O b6 8.
h3 Bb7 9. d5 c6 10. Nd4 cxd5 11. cxd5 Nc5 12. f3 Nh5 13. Bb5 a6 14. Bc6
Bxc6 15. Nxc6 Qc7 16. Bd2 Ng3 17. Re1 e6 18. Qc2 exd5 19. exd5 Nf5 20. Be3
Rfe8 21. Bf2 Ne7 22. b4 Nxc6 23. Rxe8+ Rxe8 24. dxc6 Ne6 25. Nd5 Qc8 26.
Nxb6 Qd8 27. Rd1 Nf4 28. c7 Qg5 29. g3 Nxh3+ 30. Kh2 Qh5 31. c8=Q Nxf2+ 32.
Kg2 Rxc8 33. Qxc8+ Bf8 34. Nd7 Qh3+ 35. Kxf2 Qh2+ 36. Ke3 Qh6+ 37. f4 g5
38. Qxf8+ Qxf8 39. Nxf8 Kxf8 40. Rxd6 gxf4+ 41. Kxf4 Kg7 42. Rxa6 f6 43.
Rc6 Kg6 44. Rc5 h5 45. a4 h4 46. gxh4 f5 47. a5 Kh5 48. a6 Kxh4 49. Rxf5
Kh3 50. Rg5 Kh2 51. a7 Kh1 52. a8=R { Black resigns } 1-0

[Event "ICC tourney 2533 (25 5)"]
[Site "Internet Chess Club"]
[Date "2021.04.25"]
[Round "6"]
[White "XIONG, LANG:K09-16344675"]
[Black "MELISSANDRE ZAMOJSKI, CHLOL:K09-16776316"]
[Result "1-0"]
[ICCResult "Black checkmated"]
[WhiteElo "1786"]
[BlackElo "978"]
[Opening "Queen's pawn game, Krause variation"]
[ECO "D02"]
[NIC "QP.08"]
[Time "13:11:59"]
[PlyCount "87"]
[TimeControl "1500+5"]

1. d4 d5 2. Nf3 c5 3. g3 Nc6 4. Bg2 cxd4 5. Nxd4 e5 6. Nxc6 bxc6 7. O-O Nf6
8. c4 Be7 9. Nc3 Be6 10. Bg5 e4 11. cxd5 cxd5 12. Qa4+ Qd7 13. Qxd7+ Nxd7
14. Bxe7 Kxe7 15. Rfd1 Nf6 16. Rac1 Rab8 17. b3 Rhd8 18. Na4 Rdc8 19. Nc5
Nd7 20. Nxe6 fxe6 21. e3 Ne5 22. Bf1 a5 23. Ba6 Rd8 24. Rc7+ Rd7 25. Rdc1
Rd8 26. Bb5 Rxc7 27. Rxc7+ Kd6 28. Rxg7 Rc8 29. Rxh7 Rc1+ 30. Kg2 Nf3 31.
Rd7+ Ke5 32. Bf1 Ra1 33. Be2 Rxa2 34. Bxf3 exf3+ 35. Kxf3 Rb2 36. Ra7 Rxb3
37. Rxa5 Kf6 38. Ra4 e5 39. Ra6+ Kg5 40. h4+ Kh5 41. Re6 e4+ 42. Kf4 Rb2
43. g4+ Kxh4 44. Rh6# { Black checkmated } 1-0

[Event "ICC tourney 2533 (25 5)"]
[Site "Internet Chess Club"]
[Date "2021.04.25"]
[Round "6"]
[White "JIANG, NICHOLAS:K09-15273385"]
[Black "LIU, JOSHUA:K09-16222106"]
[Result "1-0"]
[ICCResult "Black checkmated"]
[WhiteElo "1985"]
[BlackElo "1613"]
[Opening "French: Tarrasch, closed variation"]
[ECO "C05"]
[NIC "FR.17"]
[Time "13:10:33"]
[PlyCount "91"]
[TimeControl "1500+5"]

1. e4 e6 2. d4 d5 3. Nd2 Nf6 4. e5 Nfd7 5. Bd3 c5 6. c3 Nc6 7. Ngf3 g5 8.
h3 Bg7 9. Nf1 h6 10. Ne3 Qb6 11. Bc2 c4 12. O-O Qc7 13. b3 b5 14. Re1 Bb7
15. a4 cxb3 16. Bxb3 b4 17. cxb4 Nxb4 18. Ba3 Bf8 19. Qd2 a5 20. Rac1 Qb6
21. Ng4 Be7 22. Rb1 Rc8 23. Bd1 Kf8 24. Be2 Ba6 25. Bxa6 Qxa6 26. h4 Rc2
27. Qe3 Nb6 28. hxg5 Nc4 29. Qf4 Nxa3 30. g6 Ke8 31. Qxf7+ Kd8 32. g7 Re8
33. g8=Q Rxg8 34. Qxg8+ Kd7 35. Nf6+ Bxf6 36. exf6 Nxb1 37. f7 Rc8 38. Ne5+
Ke7 39. Ng6+ Kf6 40. Re3 Rxg8 41. fxg8=Q Nd2 42. Qf8+ Kg5 43. Qf4+ Kxg6 44.
Rg3+ Kh7 45. Qf7+ Kh8 46. Qg7# { Black checkmated } 1-0

[Event "ICC tourney 2533 (25 5)"]
[Site "Internet Chess Club"]
[Date "2021.04.25"]
[Round "6"]
[White "MADABUSHI, RAGHAVAN:K09-15400603"]
[Black "MARTIN, DREW:K09-16062286"]
[Result "1-0"]
[ICCResult "Black checkmated"]
[WhiteElo "1412"]
[BlackElo "1903"]
[Opening "King's Indian: fianchetto without c4"]
[ECO "A49"]
[NIC "QP.06"]
[Time "13:10:03"]
[PlyCount "75"]
[TimeControl "1500+5"]

1. d4 Nf6 2. Nf3 g6 3. g3 Bg7 4. Bg2 O-O 5. Nbd2 d5 6. b3 Ne4 7. Bb2 c5 8.
O-O Nc6 9. e3 e6 10. c4 Re8 11. a3 a6 12. Rc1 b6 13. Qc2 Nxd2 14. Qxd2 Rb8
15. cxd5 Na5 16. Qc2 cxd4 17. Nxd4 exd5 18. b4 Bxd4 19. Bxd4 Nc4 20. Qa2 b5
21. Rfe1 Bb7 22. Red1 a5 23. Bc5 axb4 24. axb4 Ra8 25. Qc2 Ra4 26. e4 Qa8
27. exd5 Ra2 28. Qc3 Re5 29. Bd4 Ree2 30. Bh8 Qf8 31. d6 Bxg2 32. d7 Rad2
33. Rxd2 Rxd2 34. Qxd2 Nd6 35. Qxd6 Qxd6 36. Rc8+ Qf8 37. Rxf8+ Kxf8 38.
d8=Q# { Black checkmated } 1-0

[Event "ICC tourney 2533 (25 5)"]
[Site "Internet Chess Club"]
[Date "2021.04.25"]
[Round "6"]
[White "PETERSON, RYAN:K09-14901322"]
[Black "KENGSOONTRA, PATRICK:K09-15777277"]
[Result "1-0"]
[ICCResult "Black forfeits on time"]
[WhiteElo "2016"]
[BlackElo "1642"]
[Opening "King's Indian: Sämisch, 5...O-O"]
[ECO "E81"]
[NIC "KI.48"]
[Time "13:11:50"]
[PlyCount "65"]
[TimeControl "1500+5"]

1. d4 Nf6 2. c4 g6 3. f3 d6 4. e4 Bg7 5. Nc3 O-O 6. Be3 Nbd7 7. Nh3 e5 8.
d5 h6 9. Qd2 Kh7 10. Nf2 Nc5 11. Be2 a5 12. g4 Ng8 13. h4 Bd7 14. O-O-O Qe7
15. Rdg1 c6 16. Nh3 f5 17. h5 f4 18. hxg6+ Kxg6 19. Bf2 Kf7 20. g5 Ke8 21.
gxh6 Bxh6 22. Rg6 Ra6 23. Qe1 Bxh3 24. Rxh3 cxd5 25. Nxd5 Qh7 26. Rxg8 Qxg8
27. Nc7+ Kd7 28. Nxa6 Nxa6 29. Rxh6 b5 30. Qxa5 Nc7 31. Qb4 Kc8 32. Rxd6
Qg2 33. Qc5 { Black forfeits on time } 1-0

[Event "ICC tourney 2533 (25 5)"]
[Site "Internet Chess Club"]
[Date "2021.04.25"]
[Round "6"]
[White "XAVIER VIJAYRAM, AVNITH:K09-15728701"]
[Black "NGO, BACH:K09-15576043"]
[Result "0-1"]
[ICCResult "White checkmated"]
[WhiteElo "1767"]
[BlackElo "2222"]
[Opening "Bogo-Indian defense, Nimzovich variation"]
[ECO "E11"]
[NIC "QI.01"]
[Time "13:09:46"]
[PlyCount "92"]
[TimeControl "1500+5"]

1. d4 Nf6 2. c4 e6 3. Nf3 Bb4+ 4. Bd2 Qe7 5. Nc3 Bxc3 6. Bxc3 Ne4 7. Qc2
Nxc3 8. Qxc3 O-O 9. e3 d6 10. Bd3 b6 11. Qc2 f5 12. O-O-O Bb7 13. e4 Na6
14. a3 Qf6 15. Rhe1 c5 16. d5 exd5 17. exd5 Nc7 18. Re2 b5 19. b3 bxc4 20.
bxc4 Rab8 21. Qb2 Qg6 22. Qc3 Rbe8 23. Rxe8 Nxe8 24. g3 Qh5 25. Nh4 Bc8 26.
Re1 f4 27. Qc2 Nf6 28. Bf5 Qg5 29. Kd1 Qh5+ 30. Qe2 Bxf5 31. Qxh5 Nxh5 32.
Nxf5 Rxf5 33. g4 Rg5 34. gxh5 Rxh5 35. Re7 Rxh2 36. Ke2 h5 37. Kf1 f3 38.
Kg1 Rg2+ 39. Kf1 h4 40. Re8+ Kh7 41. Re4 g5 42. Re3 g4 43. Re7+ Kg8 44. Re6
h3 45. Rxd6 h2 46. Rh6 Rg1# { White checkmated } 0-1

[Event "ICC tourney 2533 (25 5)"]
[Site "Internet Chess Club"]
[Date "2021.04.25"]
[Round "6"]
[White "GUPTA, SANAT:K09-16396482"]
[Black "MIXON, OZAN:K09-16976458"]
[Result "0-1"]
[ICCResult "White checkmated"]
[WhiteElo "1224"]
[BlackElo "822"]
[Opening "Sicilian defense"]
[ECO "B30"]
[NIC "SI.31"]
[Time "13:11:09"]
[PlyCount "132"]
[TimeControl "1500+5"]

1. e4 c5 2. Nf3 Nc6 3. Bc4 e6 4. d4 d5 5. exd5 exd5 6. Be2 Qb6 7. c3 Nf6 8.
Bd3 cxd4 9. cxd4 Be7 10. O-O O-O 11. Bc2 Bg4 12. Nc3 Bxf3 13. Qxf3 Nxd4 14.
Qd3 Nxc2 15. Qxc2 Rac8 16. Qd3 Rfd8 17. b3 d4 18. Ne4 Nxe4 19. Qxe4 Bf6 20.
Bd2 Re8 21. Qd3 g6 22. Rad1 Rc6 23. Bf4 Rec8 24. Rfe1 Qa6 25. Qxa6 Rxa6 26.
a4 Rb6 27. Rd3 Re6 28. Red1 Rc3 29. g3 Rxd3 30. Rxd3 Rc6 31. Bd2 Rc5 32.
Bb4 Rd5 33. Kg2 a5 34. Bd2 b5 35. Kf3 bxa4 36. bxa4 Rf5+ 37. Ke2 Rc5 38. g4
Rc4 39. Bxa5 Rxa4 40. Bb6 Rc4 41. Kf3 Rc3 42. Ke4 Rxd3 43. Kxd3 Kg7 44.
Bxd4 Bxd4 45. Kxd4 Kf6 46. f4 h5 47. g5+ Kf5 48. Ke3 Kg4 49. Ke4 Kh3 50. f5
Kxh2 51. fxg6 fxg6 52. Ke5 Kg3 53. Kf6 h4 54. Kxg6 h3 55. Kf5 h2 56. g6
h1=Q 57. g7 Qf3+ 58. Kg6 Qg4+ 59. Kf6 Kf4 60. Kf7 Qf5+ 61. Ke8 Qe6+ 62. Kf8
Qf6+ 63. Kg8 Kg5 64. Kh8 Kg6 65. Kg8 Qf7+ 66. Kh8 Qxg7# { White checkmated
} 0-1

[Event "ICC tourney 2533 (25 5)"]
[Site "Internet Chess Club"]
[Date "2021.04.25"]
[Round "6"]
[White "TAMMALI, VAISHNAVI:K09-15025561"]
[Black "PAN, KEVIN:K09-14740822"]
[Result "0-1"]
[ICCResult "White checkmated"]
[WhiteElo "1620"]
[BlackElo "2260"]
[Opening "Ruy Lopez: Morphy defense"]
[ECO "C77"]
[NIC "RL.12"]
[Time "13:11:22"]
[PlyCount "104"]
[TimeControl "1500+5"]

1. e4 e5 2. Nf3 Nc6 3. Bb5 a6 4. Ba4 Nf6 5. d4 exd4 6. O-O d6 7. Nxd4 Bd7
8. Bxc6 bxc6 9. Bg5 Be7 10. Nc3 O-O 11. Qf3 Rb8 12. b3 h6 13. Bh4 Re8 14.
Rfe1 Rb4 15. Nf5 Bxf5 16. Qxf5 c5 17. Bxf6 Bxf6 18. a3 Rxb3 19. cxb3 Bxc3
20. Qd5 Qf6 21. Rac1 Bxe1 22. Rxe1 Qc3 23. Rd1 Re5 24. Qa8+ Kh7 25. Qxa6
Rxe4 26. g3 Qxb3 27. Qd3 Qxd3 28. Rxd3 Ra4 29. Rf3 Kg6 30. Kf1 f5 31. Ke2
Kf6 32. Kd2 Ke5 33. Re3+ Kd4 34. Re7 Rxa3 35. Rxc7 Ra2+ 36. Ke1 g5 37. Rd7
d5 38. Rf7 Kd3 39. Kf1 c4 40. Rxf5 d4 41. Rf3+ Kd2 42. Rf6 c3 43. Rxh6 c2
44. Rc6 d3 45. h4 gxh4 46. gxh4 c1=Q+ 47. Rxc1 Kxc1 48. h5 d2 49. h6 d1=Q+
50. Kg2 Qg4+ 51. Kf1 Qf3 52. h7 Qxf2# { White checkmated } 0-1

[Event "ICC tourney 2533 (25 5)"]
[Site "Internet Chess Club"]
[Date "2021.04.25"]
[Round "6"]
[White "KRICK, OWEN:K09-16875635"]
[Black "ANDERSON, WILL:K09-16154765"]
[Result "1-0"]
[ICCResult "Black checkmated"]
[WhiteElo "1146"]
[BlackElo "807"]
[Opening "Queen's pawn, Mason variation"]
[ECO "D00"]
[NIC "QP.08"]
[Time "13:12:25"]
[PlyCount "77"]
[TimeControl "1500+5"]

1. d4 d5 2. Bf4 Bf5 3. e3 e6 4. Bd3 g6 5. Bxf5 gxf5 6. Nd2 Nc6 7. Ngf3 Bh6
8. Bxh6 Nxh6 9. Qe2 a6 10. O-O-O Qd6 11. Nb3 O-O-O 12. Ng5 f6 13. Qh5 Ng4
14. Nf7 Nxf2 15. Nxd6+ Rxd6 16. Rdf1 Nxh1 17. Rxh1 Rdd8 18. Rg1 b6 19. g4
Rhg8 20. Rg3 Ne7 21. Qxh7 Kd7 22. gxf5 exf5 23. Rg7 Rxg7 24. Qxg7 Ke6 25.
Qg3 Kd7 26. Kd2 Rg8 27. Qf2 Rh8 28. Kd3 Rh4 29. Qxh4 Ke6 30. Qg3 Kd7 31. h4
c6 32. h5 Ke8 33. h6 Ng6 34. Qxg6+ Kd7 35. h7 Kd6 36. h8=Q c5 37. Qd8+ Kc6
38. Qge8+ Kb7 39. Qed7# { Black checkmated } 1-0

[Event "ICC tourney 2533 (25 5)"]
[Site "Internet Chess Club"]
[Date "2021.04.25"]
[Round "6"]
[White "KALOUDIS, SEAN:K09-15106731"]
[Black "MEI, AUSTIN R:K09-16090452"]
[Result "0-1"]
[ICCResult "White checkmated"]
[WhiteElo "1714"]
[BlackElo "2149"]
[Opening "King's Indian: fianchetto, classical variation"]
[ECO "E67"]
[NIC "KI.65"]
[Time "13:12:12"]
[PlyCount "98"]
[TimeControl "1500+5"]

1. d4 Nf6 2. Nf3 g6 3. g3 Bg7 4. Bg2 O-O 5. O-O d6 6. c4 Nbd7 7. Nc3 e5 8.
b3 Re8 9. Bb2 c6 10. Rc1 Qa5 11. e3 Nf8 12. a3 e4 13. b4 Qd8 14. Nd2 Bf5
15. Nb3 Qd7 16. d5 Bh3 17. dxc6 bxc6 18. Ne2 Bxg2 19. Kxg2 Ne6 20. Bxf6
Bxf6 21. Nc5 Nxc5 22. bxc5 Bb2 23. Rc2 Bxa3 24. cxd6 Qxd6 25. Rd2 Qe5 26.
Nd4 Bf8 27. Nxc6 Qc5 28. Qa4 Rec8 29. Nd4 Qxc4 30. Qa5 Bb4 31. Qa2 Bxd2 32.
Qxc4 Rxc4 33. Rd1 Bc3 34. Nb5 Bf6 35. Rd7 a5 36. Nd6 Rc6 37. Nxf7 Bg7 38.
Ng5 a4 39. Nxe4 a3 40. Rd1 a2 41. Nd2 a1=Q 42. Rxa1 Rxa1 43. Nb3 Ra2 44.
Nd4 Bxd4 45. exd4 Rcc2 46. d5 h5 47. d6 Rxf2+ 48. Kg1 Rfd2 49. Kf1 Rd1# {
White checkmated } 0-1

[Event "ICC tourney 2533 (25 5)"]
[Site "Internet Chess Club"]
[Date "2021.04.25"]
[Round "6"]
[White "HUSTON, GUS:K09-14921551"]
[Black "WILSON, RONEN:K09-15349011"]
[Result "1-0"]
[ICCResult "Black resigns"]
[WhiteElo "2243"]
[BlackElo "2079"]
[Opening "Sicilian: Canal-Sokolsky attack, Bronstein gambit"]
[ECO "B52"]
[NIC "SI.01"]
[Time "13:10:45"]
[PlyCount "65"]
[TimeControl "1500+5"]

1. e4 c5 2. Nf3 d6 3. Bb5+ Bd7 4. Bxd7+ Qxd7 5. O-O Nc6 6. c3 Nf6 7. d4
cxd4 8. cxd4 Nxe4 9. d5 Ne5 10. Re1 Nc5 11. b4 Ncd3 12. Nxe5 Nxe5 13. f4
Nc4 14. Nc3 a6 15. Qd4 Qc7 16. Ne4 Qb6 17. Qxb6 Nxb6 18. Nxd6+ Kd7 19. Nxf7
Rg8 20. f5 g6 21. Ne5+ Kc7 22. Bf4 Nxd5 23. Rac1+ Kd8 24. Red1 e6 25. fxe6
g5 26. Bg3 Ke7 27. Rxd5 Kxe6 28. Rcd1 Bxb4 29. Ng4 Rae8 30. Re5+ Kf7 31.
Nh6+ Kg7 32. Nxg8 Rxe5 33. Bxe5+ { Black resigns } 1-0